 Dungeon Crawl Stone Soup version 0.29.1-1-gd02db6906a (webtiles) character file.

Game seed: 3719653373650898780

44 Demigod47 the Covered (level 3, -2/33 HPs)
             Began as a Minotaur Fighter on Oct 6, 2022.
             Slain by a worm (3 damage)
             ... on level 2 of the Dungeon.
             The game lasted 00:03:12 (1158 turns).

Demigod47 the Covered (Minotaur Fighter)            Turns: 1158, Time: 00:03:14

Health: -2/33      AC:  8    Str: 20 (22) XL:     3   Next: 39%
Magic:  2/2        EV:  9    Int:  4 (5)  God:
Gold:   120        SH:  4    Dex:  9      Spells: 2/2 levels left

rFire   + . .      SeeInvis .   a - +0 war axe
rCold   . . .      Faith    .   c - +0 buckler
rNeg    . . .      Spirit   .   b - +0 scale mail
rPois   .          Reflect  .   (helmet restricted)
rElec   .          Harm     .   (no cloak)
rCorr   .          Rampage  .   (no gloves)
Will    .....                   j - +0 pair of boots
Stlth   ..........              (no amulet)
HPRegen 0.11/turn               g - ring of protection from fire
MPRegen 0.08/turn               (no ring)

@: mighty, lethally poisoned (-2 -> -4)
A: horns 2, retaliatory headbutt
a: no special abilities


You were on level 2 of the Dungeon.
You visited 1 branch of the dungeon, and saw 2 of its levels.

You collected 120 gold pieces.

Inventory:

Hand Weapons
 a - a +0 war axe (weapon)
Missiles
 l - 4 poisoned darts (quivered)
Armour
 b - a +0 scale mail (worn)
 c - a +0 buckler (worn)
 j - a +0 pair of boots (worn)
Jewellery
 g - a ring of protection from fire (left hand)
 h - a ring of resist corrosion
Scrolls
 e - a scroll of identify
 f - 2 scrolls of amnesia
 i - a scroll of poison {unknown}
 k - a scroll of enchant armour {unknown}


   Skills:
 + Level 4.0 Fighting
 + Level 3.2 Axes
 + Level 4.1 Armour
 + Level 0.7 Dodging
 + Level 4.0 Shields


You had 2 spell levels left.
You didn't know any spells.
Your spell library contained the following spells:

 Spells                   Type           Power      Damage    Failure   Level
 Call Canine Familiar     Summ           0%         N/A       99%         3
 Portal Projectile        Hex/Tloc       0%         N/A       99%         3
 Leda's Liquefaction      Hex/Erth       0%         N/A       100%        4


Dungeon Overview and Level Annotations

Branches:
Dungeon (2/15)

Altars:


Innate Abilities, Weirdness & Mutations

You have a pair of horns on your head.
You reflexively headbutt those who attack you in melee.


Message History

The adder attacks as you move away! The adder closely misses you.
You miss the adder. The adder closely misses you.
The adder bites you but does no damage.
You miss the adder. The adder bites you.
You are poisoned.
The adder poisons you! The adder bites you but does no damage.
You closely miss the adder.
You feel sick. The adder misses you. The adder closely misses you.
You hit the adder.
The adder is moderately wounded.
You feel sick. You block the adder's attack.
Okay, then.
It was a potion of cancellation.
You feel magically purged.
You feel sick.
You are no longer poisoned.
The adder barely misses you. The adder bites you.
You feel very mighty all of a sudden. The adder closely misses you.
The worm bites you.
* * * LOW HITPOINT WARNING * * *
You hit the worm.
The worm is lightly wounded.
You miss the adder. The adder bites you.
* * * LOW HITPOINT WARNING * * *
You are poisoned.
The adder poisons you! The adder bites you.
* * * LOW HITPOINT WARNING * * *
The worm bites you but does no damage.
Okay, then.
As you read the scroll labelled FAASUA SEADIA, it crumbles to dust.
It is a scroll of identify.
f - 2 scrolls of amnesia
* * * LOW HITPOINT WARNING * * *
You feel sick. The adder closely misses you.
Okay, then.
You barely miss the worm.
The worm is lightly wounded.
You slash the adder!
You kill the adder!
* * * LOW HITPOINT WARNING * * *
You feel sick. The worm bites you.
You die...

........†...##.
................)...
###.......####......
#.................
#.).............(.
#......#####......
#####..# ###......
###.####.....###
#....w@S)†.....#
#..#...#######..#
#.##...# #. #..## #
#..# #..# ##.. #..


You could see a worm and an adder.

Vanquished Creatures
  2 adders (D:2)
  A dart slug (D:1)
  4 endoplasms (D:1)
  A giant cockroach (D:2)
  A goblin (D:1)
  5 hobgoblins
  3 jackals (D:1)
  3 ball pythons (D:1)
  5 bats (D:1)
  2 frilled lizards (D:1)
  A kobold (D:2)
  4 rats (D:1)
32 creatures vanquished.

Vanquished Creatures (others)
  A demonic plant (D:2)
1 creature vanquished.

Grand Total: 33 creatures vanquished

Notes
Turn   | Place    | Note
-------+----------+-------------------------------------------
     0 | D:1      | Demigod47 the Minotaur Fighter began the quest for the Orb.
     0 | D:1      | Reached XP level 1. HP: 19/19 MP: 0/0
   253 | D:1      | Reached XP level 2. HP: 26/27 MP: 1/1
   977 | D:1      | Reached XP level 3. HP: 29/33 MP: 2/2
  1158 | D:2      | HP: 1/33 [poisoned by an adder]
  1158 | D:2      | Slain by a worm

Illustrated notes

Levels and vault maps discovered:
D:1:      amcnicky_arrival_wind_blow, layout_basic
D:2:      layout_basic, dreamdust_ecumenical_altar_sealed_demon

Skill      XL: |  1  2  3 |
---------------+----------+-----
Shields        | 4 |  4.0
Armour         | 4 |  4.1
Axes           | 3 |  3.2
Fighting       | 4 |  4.0
Dodging        | |  0.7

Action                   || total
-------------------------++-------
Melee: War axe           ||    55
       Headbutt          ||    11
  Use: Potion            ||     4
       Scroll            ||     1
Armor: Scale mail        ||    43
Dodge: Dodged            ||    47
Block: Buckler           ||    17
